Cogmind - Beta 10.2 @@@ ROGUE MODE // 2021.06.06 @ 16:52:06 Player: Timo Result: Destroyed by D-53 Grenadier with Mini Grenade Launcher Performance ------------- Evolutions (1) 500 Regions Visited (4) 800 Robots Destroyed (20) 100 Value Destroyed (591) 591 Prototype IDs (0) 0 Alien Tech Used (0) 0 Bonus (155) 155 TOTAL SCORE: 2146 Bonus ------- Follower Combat Kills 155 Cogmind --------- Core Integrity 0/400 Matter 300/300 Energy 100/100 System Corruption 0% Temperature Cool (0) Movement Core (950) Ox18 Location -9/Mines Parts ------- > --- POWER (1) -------- (None) > --- PROPULSION (2) --- (None) > --- UTILITY (2) ------ Large Storage Unit High-capacity Storage Unit > --- WEAPON (4) ------- Mace Mace Mace Maul > --- INVENTORY (18) --- Light Ion Engine Improved Ion Engine Improved Ion Engine Aluminum Leg Aluminum Leg Aluminum Leg Aluminum Leg High-capacity Matter Pod (200) Visual Processing Unit Salvage Targeting Computer Light Armor Plating Light Armor Plating Tractor Beam Shotgun Shotgun Grenade Launcher Mining Laser Mace Peak State ------------ > --- POWER ------------ Light Nuclear Core > --- PROPULSION ------- Light Treads Light Treads > --- UTILITY ---------- Large Storage Unit High-capacity Storage Unit > --- WEAPON ----------- Shotgun Shotgun Shotgun Mace > --- INVENTORY -------- Light Ion Engine Improved Ion Engine Light Nuclear Core Light Treads Light Treads Light Treads High-capacity Matter Pod Visual Processing Unit Salvage Targeting Computer Targeting Computer Targeting Computer Light Armor Plating Light Armor Plating Tractor Beam Mace Mace Mace [Rating: 17] Favorites ----------- Power Light Ion Engine Engine Light Ion Engine Power Core Light Nuclear Core Propulsion Light Treads Treads Light Treads Leg Aluminum Leg Utility Large Storage Unit Storage Large Storage Unit Weapon Light Cannon Energy Gun Small Laser Ballistic Gun Shotgun Ballistic Cannon Light Cannon Special Weapon Mining Laser Impact Weapon Mace Build | -11 -10 -10 -9 -9 ------- Run | Scr Mat Min Mat Min Slots Evolved 2 | . . . 2 . Power . | . . . . . Propulsion . | . . . . . Utility . | . . . . . Weapon 2 | . . . 2 . Parts Attached 30 | . 9 3 18 . Power 3 | . 1 1 1 . Engine 1 | . 1 . . . Core 2 | . . 1 1 . Reactor . | . . . . . Propulsion 7 | . 3 1 3 . Treads 6 | . 2 1 3 . Leg 1 | . 1 . . . Wheel . | . . . . . Hover . | . . . . . Flight . | . . . . . Utility 4 | . 2 . 2 . Device . | . . . . . Storage 4 | . 2 . 2 . Processor . | . . . . . Hackware . | . . . . . Protection . | . . . . . Artifact . | . . . . . Weapon 16 | . 3 1 12 . Energy Gun 2 | . 1 . 1 . Energy Cannon . | . . . . . Ballistic Gun 4 | . . . 4 . Ballistic Cannon 4 | . 2 . 2 . Launcher . | . . . . . Special Weapon 1 | . . 1 . . Impact Weapon 5 | . . . 5 . Slashing Weapon . | . . . . . Piercing Weapon . | . . . . . Special Melee Weapon . | . . . . . Unidentified Prototypes . | . . . . . Parts Lost 11 | . 4 . 4 3 Power 3 | . 1 . 1 1 Propulsion 6 | . 1 . 3 2 Utility . | . . . . . Weapon 2 | . 2 . . . Highest Loss Streak 4 | . 4 . 3 3 Average Slot Usage (%) 98 | . 97 99 97 99 Engine 8 | . 14 11 . . Core 4 | . . 2 11 11 Treads 17 | . 14 15 22 21 Leg 8 | . 12 12 . . Storage 25 | . 27 28 22 22 Energy Gun 3 | . 12 . 1 . Ballistic Gun 3 | . 2 . 9 . Ballistic Cannon 10 | . 12 14 6 . Special Weapon 5 | . . 13 . . Impact Weapon 8 | . . . 22 44 Naked Turns . | . . . . . Heaviest Build 65 | 13 42 41 65 62 Greatest Support 40 | 20 40 40 40 40 Greatest Overweight (x) 18 | . 1 2 1 18 Average Overweight (x) 1 | . . 1 . 1 Largest Inventory Capacity 18 | . 16 16 18 18 Average Capacity 16 | . 15 16 17 18 Most Carried 18 | . 7 16 18 18 Average Carried 10 | . 3 9 16 18 Final Capacity 18 | 6 16 16 18 18 Final Carried 18 | 6 7 16 18 18 Class Distribution -------------------- 93% | Mutant 6% | Gunner Dominant Class ---------------- Mutant | -10/Materials Mutant | -10/Mines Mutant | -9/Materials Mutant | -9/Mines Resources | -11 -10 -10 -9 -9 ----------- Run | Scr Mat Min Mat Min Matter Collected 908 | 200 135 158 415 . Remotely . | . . . . . Salvage Created 676 | . 131 24 521 . Parts 37 | . 10 3 24 . Haulers Intercepted 1 | . . . 1 . Recyclers Shooed . | . . . . . Parts Field Recycled . | . . . . . Retrieved Matter . | . . . . . Parts Self-Destructed . | . . . . . Prevented . | . . . . . Kills | -11 -10 -10 -9 -9 ------- Run | Scr Mat Min Mat Min Combat Hostiles Destroyed 18 | . 7 1 10 . Melee 6 | . . . 6 . Guns 1 | . . . 1 . Cannons 7 | . 6 1 . . AOE 1 | . 1 . . . Classes Destroyed 5 | . 2 . 3 . Hauler 1 | . . . 1 . Recycler 1 | . . . 1 . Swarmer 4 | . 3 . 1 . Grunt 13 | . 4 1 8 . Sentry 1 | . . . 1 . Best Kill Streak 7 | . 7 1 3 . Combat Bots Only 7 | . 7 1 3 . Max Kills in Single Turn 1 | . 1 1 1 . Gunslinging . | . . . . . Exploded 1 | . 1 . . . Melee 1 | . . . 1 . Uniques/NPCs Destroyed . | . . . . . Combat | -11 -10 -10 -9 -9 -------- Run | Scr Mat Min Mat Min Damage Taken 2079 | . 882 . 826 371 Core 558 | . 146 . 172 240 Absorbed by Shields . | . . . . . Core Remaining (%) 70 | 100 . 41 . . Volleys Fired 26 | . 19 3 4 . Largest 4 | . 2 1 4 . Hottest 130 | . 75 100 130 . Shots Fired 53 | . 34 3 16 . Gun 29 | . 18 . 11 . Cannon 23 | . 16 2 5 . Launcher . | . . . . . Special 1 | . . 1 . . Kinetic 40 | . 23 2 15 . Thermal 13 | . 11 1 1 . Explosive . | . . . . . Electromagnetic . | . . . . . Robot Hit Streak 22 | . 22 3 5 . Robot Miss Streak 7 | . 3 . 7 . Penetration Max . | . . . . . Secondary Targets . | . . . . . Shots Hit Robots 79 | . 23 2 54 . Core Hits 23 | . 9 1 13 . Critical Hits 1 | . 1 . . . Critical Kills . | . . . . . Critical Parts Destroyed 1 | . 1 . . . Melee Attacks 63 | . . . 63 . Impact 63 | . . . 63 . Slashing . | . . . . . Piercing . | . . . . . Sneak Attacks . | . . . . . Combat Hostiles . | . . . . . Follow-up Attacks 21 | . . . 21 . Damage Inflicted 1542 | . 389 36 1117 . Guns 133 | . 101 . 32 . Cannons 351 | . 262 36 53 . Explosions 26 | . 26 . . . Melee 1028 | . . . 1028 . Ramming 4 | . . . 4 . Kinetic 409 | . 288 36 85 . Thermal 75 | . 75 . . . Explosive 26 | . 26 . . . Electromagnetic . | . . . . . Impact 1028 | . . . 1028 . Slashing . | . . . . . Piercing . | . . . . . Highest Corruption . | . . . . . Average Corruption . | . . . . . Corruption Purged . | . . . . . Overload Shots . | . . . . . Overflow Damage 58 | . 6 . 52 . Projectiles . | . . . . . Explosions 6 | . 6 . . . Melee 52 | . . . 52 . Knockbacks 10 | . 3 . 7 . Impact 6 | . . . 6 . Kinetic 3 | . 3 . . . Secondary 1 | . . . 1 . Self-Inflicted Damage 171 | . 171 . . . Shots 2 | . 2 . . . Rammed 1 | . . . 1 . Targets Rammed 1 | . . . 1 . Kicked . | . . . . . Crushed . | . . . . . Highest Temperature 204 | . 204 28 66 . Average Temperature 63 | . 84 16 27 . Received Heat Transfer 624 | . 183 . 441 . Siege Activations . | . . . . . Robots Corrupted . | . . . . . Combat Hostiles . | . . . . . Parts Fried 3 | . . . 3 . Impact Corruptions 6 | . . . 6 . Robots Melted . | . . . . . Combat Hostiles . | . . . . . Parts Melted . | . . . . . Heat Transferred 175 | . 175 . . . Parts Sabotaged . | . . . . . Parts Stolen . | . . . . . Parts Stripped . | . . . . . Power Chain Reactions . | . . . . . Missiles Intercepted . | . . . . . Alert | -11 -10 -10 -9 -9 ------- Run | Scr Mat Min Mat Min Peak Influence 265 | . 197 124 265 103 Initial 103 | . . 5 5 103 Average 55 | . 81 20 67 102 Maximum Alert Level 1 | . . . 1 . Low Security (%) 96 | . 100 100 86 100 Level 1 3 | . . . 13 . Level 2 . | . . . . . Level 3 . | . . . . . Level 4 . | . . . . . Level 5 . | . . . . . High Security . | . . . . . Max Security . | . . . . . Squads Dispatched 4 | . 1 . 3 . Investigation . | . . . . . Extermination . | . . . . . Reinforcement 4 | . 1 . 3 . Assault . | . . . . . Garrison . | . . . . . Intercept . | . . . . . Construction Impeded . | . . . . . Haulers Reinforced . | . . . . . Stealth | -11 -10 -10 -9 -9 --------- Run | Scr Mat Min Mat Min Distress Signals 4 | . 1 . 3 . Communications Jammed . | . . . . . Distress Signals . | . . . . . Times Spotted 45 | . 15 6 20 4 Peak Tracking Total 8 | . 8 2 4 4 Tactical Retreats 3 | . . . 3 . Traps | -11 -10 -10 -9 -9 ------- Run | Scr Mat Min Mat Min Traps Triggered . | . . . . . Indirectly . | . . . . . Trap Hack Attempts . | . . . . . Triggered . | . . . . . Disarmed . | . . . . . Reprogrammed . | . . . . . Reused . | . . . . . Traps Extracted . | . . . . . Installed . | . . . . . Triggered . | . . . . . Machines | -11 -10 -10 -9 -9 ---------- Run | Scr Mat Min Mat Min Machines Disabled 3 | . 3 . . . Max in Single Turn 3 | . 3 . . . Machines Sabotaged . | . . . . . Garrisons Compromised . | . . . . . Overloaded Fab Kills . | . . . . . Fab Network Shutdowns . | . . . . . Hacking | -11 -10 -10 -9 -9 --------- Run | Scr Mat Min Mat Min Machines Accessed 4 | . 4 . . . Terminals 4 | . 4 . . . Fabricators . | . . . . . Repair Stations . | . . . . . Recycling Units . | . . . . . Scanalyzers . | . . . . . Garrison Access . | . . . . . Total Hacks 11 | . 11 . . . Successful 5 | . 5 . . . Failed 6 | . 6 . . . Catastrophic 2 | . 2 . . . Database Lockouts . | . . . . . Manual 3 | . 3 . . . Terminals 11 | . 11 . . . Fabricators . | . . . . . Repair Stations . | . . . . . Recycling Units . | . . . . . Scanalyzers . | . . . . . Garrison Access . | . . . . . Terminal Hacks 5 | . 5 . . . Branch Access Points 1 | . 1 . . . Terminal Index 1 | . 1 . . . Locate Traps 1 | . 1 . . . Hauler Manifests 1 | . 1 . . . Registered Components 1 | . 1 . . . Fabricator Hacks . | . . . . . Repair Station Hacks . | . . . . . Recycling Unit Hacks . | . . . . . Scanalyzer . | . . . . . Garrison Access Hacks . | . . . . . Unauthorized Hacks . | . . . . . Terminals . | . . . . . Fabricators . | . . . . . Repair Stations . | . . . . . Recycling Units . | . . . . . Scanalyzers . | . . . . . Garrison Access . | . . . . . Data Cores Recovered . | . . . . . Used . | . . . . . Hacking Detections 4 | . 4 . . . Full Trace Events 1 | . 1 . . . Feedback Events . | . . . . . Feedback Blocked . | . . . . . Robot Schematics Acquired . | . . . . . Robots Built . | . . . . . Matter . | . . . . . Time . | . . . . . Total Robot Build Rating . | . . . . . Part Schematics Acquired . | . . . . . Parts Built . | . . . . . Matter . | . . . . . Time . | . . . . . Total Part Build Rating . | . . . . . Parts Repaired . | . . . . . Time . | . . . . . Parts Recycled . | . . . . . Recycled Matter . | . . . . . Retrieved Matter . | . . . . . Retrieved Components . | . . . . . Parts Scanalyzed . | . . . . . Part Schematics Acquired . | . . . . . Parts Damaged . | . . . . . Bothacking | -11 -10 -10 -9 -9 ------------ Run | Scr Mat Min Mat Min Used RIF Installer . | . . . . . Robots Hacked . | . . . . . Non-combat . | . . . . . Combat . | . . . . . Robot Hacks Applied . | . . . . . Relay Couplers Released . | . . . . . Robots Rewired . | . . . . . Allies Hacked . | . . . . . Hacks Repelled . | . . . . . Allies | -11 -10 -10 -9 -9 -------- Run | Scr Mat Min Mat Min Total Allies 4 | . . 4 . . Largest Group 4 | . . 4 1 . Highest-Rated Group 71 | . . 71 16 . Highest-Rated Ally 31 | . . 31 16 . Total Orders . | . . . . . Ally Attacks 27 | . . 26 1 . Total Damage 327 | . . 312 15 . Kills 6 | . . 6 . . Allies Corrupted . | . . . . . Allies Melted . | . . . . . Intel | -11 -10 -10 -9 -9 ------- Run | Scr Mat Min Mat Min Robot Analysis Total . | . . . . . Derelict Logs Recovered 2 | . . 1 . 1 Drone Launches . | . . . . . Drone Recoveries . | . . . . . Exploration | -11 -10 -10 -9 -9 ------------- Run | Scr Mat Min Mat Min Turns Passed 2581 | . 729 956 748 148 Spaces Moved 1248 | 1 375 482 308 82 Core 1 | . . . . 1 Treads 1220 | . 349 482 308 81 Legs 27 | 1 26 . . . Wheels . | . . . . . Hover . | . . . . . Flight . | . . . . . Fastest Speed 120 | 120 120 180 160 180 Average Speed 179 | 120 175 181 179 189 Slowest Speed 950 | 120 180 200 180 950 Overloaded Moves . | . . . . . Propulsion Burnouts . | . . . . . Robots Hopped . | . . . . . Cave-ins Triggered . | . . . . . Exploration Rate (%) 39 | 2 51 95 24 25 Regions Visited 4 Branch Regions 2 Pre-discovered Areas 2 | . . 1 . 1 Known Exits Taken 1 | . 1 . . . Unknown Exits Taken 3 | 1 . 1 1 . Scrap Searched 3 | . . 2 . 1 Spaces Dug 1 | . . 1 . . Terrain Destroyed 34 | . 33 1 . . Melee . | . . . . . Projectile 1 | . . 1 . . AOE 33 | . 33 . . . Terrain Rammed . | . . . . . Walls Destroyed . | . . . . . Machines Disabled . | . . . . . Actions | -11 -10 -10 -9 -9 --------- Run | Scr Mat Min Mat Min Total 1485 | . 412 560 431 82 Wait 88 | . . 61 27 . Move 1244 | . 374 481 307 82 Hop . | . . . . . Pick Up 31 | . 5 8 18 . Fast Attach 11 | . 4 2 5 . Attach 11 | . 3 1 7 . Detach 6 | . 2 3 1 . Swap 8 | . 2 . 6 . Drop 21 | . 3 1 17 . Fire 26 | . 19 3 4 . Melee 38 | . . . 38 . Ram . | . . . . . Kick . | . . . . . Crush 1 | . . . 1 . Escape Stasis . | . . . . . Rewire . | . . . . . Trap . | . . . . . Miscellaneous . | . . . . . Route ------- -11/Scrapyard -10/Materials (discovered 4 exits: *Mat x2 / *Min x2) -10/Mines (discovered 2 exits: *Mat x2) -9/Materials -9/Mines (discovered 1 exit: [*Mat]) History --------- Turn | Location | Event 1 | -11/Scrapyard | Discovered new exit (range 0) 1 | -11/Scrapyard | Entered Materials 134 | -10/Materials | Core integrity fell below 50% 154 | -10/Materials | Destroyed 7 combat bots 164 | -10/Materials | Lost 4 parts (1p1n2w) 279 | -10/Materials | Discovered new exit (range 5) 311 | -10/Materials | Build established: Mutant 320 | -10/Materials | Identified exit to Mines 634 | -10/Materials | Discovered new exit (range 16) 730 | -10/Materials | Entered Mines 735 | -10/Mines | Received a Mining Laser from a helpful Derelict 774 | -10/Mines | Discovered new exit (range 5) 791 | -10/Mines | Assisted by bots powering up and referring to "LRC-V3" 1564 | -10/Mines | Discovered new exit (range 6) 1598 | -10/Mines | Joined a pair of Derelicts in attacking an 0b10 outpost 1686 | -10/Mines | Entered Materials 1686 | -9/Materials | Accompanied by 1 ally 1686 | -9/Materials | Evolved 2 slots: Weapon x2 2194 | -9/Materials | Discovered new exit (range 13) 2341 | -9/Materials | Lost 3 parts (1p2n) 2434 | -9/Materials | Entered Mines 2435 | -9/Mines | Learned location of Storage (-7) 2438 | -9/Mines | Met a Derelict bent on vengeance 2533 | -9/Mines | Discovered new exit (range 10) 2558 | -9/Mines | Assembled infested the area 2577 | -9/Mines | Core integrity fell below 50% 2581 | -9/Mines | Core integrity fell below 20% 2582 | -9/Mines | Destroyed by D-53 Grenadier with Mini Grenade Launcher Last Messages --------------- 02437_ MY-5UO(g): "We scattered so the Unaware couldn't effectively use their advantage in numbers, and I suggest you do the same." 02437_ MY-5UO(g) slips back into the shadows. 02440_ Acquired derelict log, extracted data. Data stored: Lower Caves entrances (x1). 02496_ Searching scrap... 02496_ Found Mni. Grenade Launcher. 02496_ Found Trap Extractor. 02496_ Found Mni. Grenade Launcher. 02496_ Found 35 Matter. 02533_ EXIT=FOUND 02558_ ALERT: Infestation in the mines, dispatching Demolisher response squad. 02574_ C-30 ARC bursts open, deploying its payload. 02574_ D-53 Grenadier unfolds itself. 02576_ The unstable cave ceiling collapses. 02578_ Lgt. Treads destroyed. 02579_ The unstable cave ceiling collapses. 02580_ Lgt. Nuclear Core destroyed. 02580_ Lgt. Treads destroyed. Map ----- +----------------------------------------------------+ | ?????????????????????????????????????? | | ?????????????????????????????????????? | | ?????????????????????????????????????? | | ?????????????????????????????????????? | | ?????????????????????????????????????? | | ?????????????????????????????????????? | | ?????????????????????????????????????? | | ?????????????????????????????????????? | | ?????????????????????????????????????? | | ???????? #?####??????????????????????? | | ???????? ## ??????????????????????? | | ????????? ???? ?????????????????? | | ????????? ???"??????????????????? | | ?????????? ??? ??????????????????? | | ?????????? ?? ???????????????????? | | ??????????? ?? ????#??????????????? | | ??????????? ? #### #??????????????? | | ???????????# ? # #??????????????? | | ??????????## ###a #??????????????? | | ??????????# #???????????????? | | ?????????## #???????????????? | | ???????### #????????????????? | | ???????# a #????????????????? | | ???????# #?????????????????? | | ??????## #?????????????????? | | ??????# d @ ##?????????????????? | | ??????## ##??????????????????? | | ???????## d #???????????????????? | | ????????# #???????????????????? | | ????????# ## ####???????????????????? | | ????????# ####??????????????????????? | | ????????# #?????????????????????????? | | ????????# #?????????????????????????? | | ????????# ##????????????????????????? | | ????????# ##???????????????????????? | | ????????# ##??????????????????????? | | ????????# #??????????????????????? | | ??###??## ##?????????????????????? | | ?## ## #########?????????????? | | ?# #?????????????? | | ?# #????????????? | | ?## ##### < #???????????? | | ??#### ## ##?????? #???????????? | | ?????###?## #??????????????????????? | | ??????????# ##?????????????????????? | | ?????????## ##????????????? ??????? | | ????????## ##???????????? ??????? | | ???????## ##??????????? "?????? | | ??????## #??????????? "?????? | | ??##### ##### #??????????" "?????? | +----------------------------------------------------+ Best States ------------- Heat Dissipation 28 Energy Generation 14 Energy Capacity 250 Matter Stores 300 Matter Capacity 300 Sight Range 16 Terrain Scan Density 10 Evasion (%) 40 Recoil Reduction 2 Item Schematics ----------------- None Robot Schematics ------------------ None Fabricated ------------ Nothing Alien Tech Used ----------------- None Achievements -------------- None Challenges ------------ None Game ------ Seed BombFlightMediator Manual? 0 Play Time 00:16:45 Cumulative 46.5 hours Start 2021.06.06 @ 16:35:11 End 2021.06.06 @ 16:52:06 Sessions 1 Manual Loads 0 Difficulty Rogue Special Mode None Game No. 43 Rogue 43 Adventurer 0 Explorer 0 Win Type - Total 0 Types 0/0/0/0/0/0/0/0/0 Lore% 30 Gallery% 40 Achievement% 28 Wizard Run 0 Options --------- ASCII 0 Keyboard 1 Movement Numpad Keybinds 0 Fullscreen 1 Font 18/SmallcapsGlow Map View 76x50 Tactical HUD 1 Map Filters NONE Filters NONE Steam 1 RUN: dba9dc8b-5bae-471e-be2f-9e10074b8da2